 Dungeon Crawl Stone Soup version 0.19.5 (webtiles) character file.

310 Azzok the Slasher (level 6, 0/51 HPs)
             Began as a Centaur Fighter on May 6, 2017.
             Succumbed to a killer bee's poison
             ... on level 5 of the Dungeon.
             The game lasted 00:06:31 (3394 turns).

Azzok the Slasher (Centaur Fighter)                 Turns: 3394, Time: 00:06:32

Health: 0/51       AC:  9    Str: 20    XL:     6   Next: 18%
Magic:  6/6        EV:  3    Int:  7    God:
Gold:   114        SH:  8    Dex:  9    Spells: 0 memorised, 5 levels left

rFire  . . .     SeeInvis .     a - +0 long sword
rCold  . . .     Gourm    .     z - +0 chain mail
rNeg   + . .     Faith    .     c - +0 shield
rPois  .         Spirit   .     y - +0 helmet (curse)
rElec  .         Reflect  .     r - +0 cloak (curse)
rCorr  .         Harm     .     (no gloves)
MR     .....                    (no barding)
Stlth  ..........               (no amulet)
                                (no ring)
                                e - ring of positive energy

@: lethally poisoned (0 -> -34), very quick
A: hooves 3, deformed body, speed 2, tough skin 3
a: no special abilities


You were on level 5 of the Dungeon.
You were hungry.

You visited 1 branch of the dungeon, and saw 5 of its levels.

You collected 114 gold pieces.

Inventory:

Hand Weapons
 a - a +0 long sword (weapon)
Missiles
 j - 69 arrows
Armour
 c - a +0 shield (worn)
 r - a cursed +0 cloak (worn)
 y - a cursed +0 helmet (worn)
 z - a +0 chain mail (worn)
Jewellery
 e - a ring of positive energy (left hand)
Wands
 t - a wand of confusion (29/48)
Scrolls
 g - 2 scrolls of magic mapping {unknown}
 k - 5 scrolls of identify {unknown}
 n - 2 scrolls of immolation {unknown}
 p - 2 scrolls of remove curse {unknown}
 q - a scroll of enchant weapon {unknown}
 u - a scroll of blinking {unknown}
 x - a scroll of amnesia {unknown}
Potions
 d - a potion of might
 m - 3 potions of agility
 o - a potion of heal wounds
 s - 2 potions of curing {unknown}
 v - 2 potions of degeneration {unknown}
Comestibles
 f - 3 bread rations {@e1}
 h - 6 fruits
 i - 7 chunks of flesh {@w0}
 l - a meat ration {@e2}
 w - a slice of pizza


   Skills:
 - Level 3.0 Fighting
 * Level 6.0 Long Blades
 - Level 2.1 Armour
 - Level 2.1 Shields


You had 5 spell levels left.
You didn't know any spells.

Dungeon Overview and Level Annotations

Branches:
Dungeon (4/15)
 Temple: D:4-7

Altars:

Shops:
D:5 (:


Innate Abilities, Weirdness & Mutations

You have hooves in place of feet.
Armour fits poorly on your strangely shaped body.
You cover ground very quickly.
You have extremely tough skin. (AC +3)


Message History

You feel sick.
The killer bee stings you but does no damage.
The killer bee stings you.
* * * LOW HITPOINT WARNING * * *
You are more poisoned.
The killer bee poisons you!
You take 6 damage, and have 7/51 hp.
You miss the killer bee.
The killer bee is severely wounded.
* * * LOW HITPOINT WARNING * * *
You feel very sick. The killer bee stings you.
* * * LOW HITPOINT WARNING * * *
You are more poisoned.
The killer bee poisons you!
The killer bee stings you but does no damage. x2
You take 4 damage, and have 3/51 hp.
Your chain mail prevents you from hitting the killer bee.
The killer bee is severely wounded.
You die...

▒·······▒ ▒·▒▒·▒▒ ▒
▒·▒▒········· ▒▒·▒▒
▒·······▒▒·▒······▒ ▒
▒·▒▒▒···▒▒·▒·▒·▒··▒ ▒·▒▒▒
▒·▒ ▒·············· ▒····
▒·▒ ···▒▒·····▒▒·▒ ▒▒▒▒·
▒·····▒·▒ ▒·▒ ▒·
▒··▒·▒··▒▒▒·▒▒▒▒ ▒·
▒····8y@∩··8·▒ ▒·
▒▒·▒··▒▒▒·▒··▒ ▒· ▒·▒▒[▒
▒·▒·▒▒ ▒· ··▒▒·▒▒▒···▒▒
▒∩
···▒▒·▒▒·····▒▒▒▒▒▒▒▒▒▒·
<▒▒▒▒▒···················
·· ▒▒▒▒·······▒▒▒▒▒▒▒▒▒
·· ▒▒···▒▒·▒ ·▒ ▒▒▒▒▒▒·▒


You could see a killer bee.

Vanquished Creatures
  A crimson imp (D:3)
  An orc wizard (D:5)
  Jessica (D:2)
  Ijyb (D:2)
  Natasha (twice) (D:3)
  4 gnolls (D:3)
  2 adders (D:3)
  An ooze (D:1)
  6 dart slugs
  2 leopard geckos
  3 orcs
  A ball python (D:3)
  7 bats
  5 giant cockroaches
  4 goblins
  5 hobgoblins
  8 jackals
  5 kobolds
  2 quokkas
  5 frilled lizards
  7 rats
73 creatures vanquished.

Notes
Turn   | Place    | Note
-------+----------+-------------------------------------------
     0 | D:1      | Azzok the Centaur Fighter began the quest for the Orb.
     0 | D:1      | Reached XP level 1. HP: 19/19 MP: 1/1
    44 | D:1      | Reached skill level 2 in Long Blades
    68 | D:1      | Reached XP level 2. HP: 22/26 MP: 2/2
   114 | D:1      | Reached skill level 3 in Long Blades
   464 | D:1      | Reached XP level 3. HP: 31/31 MP: 3/3
   922 | D:2      | Noticed Ijyb
   934 | D:2      | Killed Ijyb
  1001 | D:2      | Noticed Jessica
  1007 | D:2      | Killed Jessica
  1007 | D:2      | Reached skill level 4 in Long Blades
  1007 | D:2      | Reached XP level 4. HP: 36/38 MP: 4/4
  1693 | D:3      | Reached XP level 5. HP: 42/45 MP: 5/5
  2002 | D:3      | Reached skill level 5 in Long Blades
  2597 | D:3      | Noticed Natasha
  2604 | D:3      | Killed Natasha
  2918 | D:3      | Noticed Natasha
  2932 | D:3      | Killed Natasha
  2932 | D:3      | Reached XP level 6. HP: 19/51 MP: 6/6
  3169 | D:4      | You fall through a shaft!
  3169 | D:5      | Entered Level 5 of the Dungeon
  3216 | D:5      | Reached skill level 6 in Long Blades
  3336 | D:5      | Found Edeubb's Book Emporium.
  3360 | D:5      | Found Uviyg's Antique Weapon Shoppe.
  3394 | D:5      | Succumbed to a killer bee's poison

Skill      XL: |  1  2  3  4  5  6 |
---------------+-------------------+-----
Long Blades    | 2 3 4 5 6 |  6.0
Fighting       | |  3.0
Armour         | |  2.1
Shields        | |  2.1

Action                   |  1- 3 |  4- 6 || total
-------------------------+-------+-------++-------
Melee: Long sword        |    91 |   185 ||   276
       Kick              |    20 |    41 ||    61
  Eat: Chunk             |       |     6 ||     6
Armor: Scale mail        |    48 |    71 ||   119
       Chain mail        |       |    11 ||    11
Dodge: Dodged            |    15 |    44 ||    59
Block: Shield            |    46 |    69 ||   115
       Rpst.: Long sword |     7 |    13 ||    20
